 Dungeon Crawl Stone Soup version 0.30-a0-377-g5cb311bc9f (webtiles) character file.

Game seed: 1892094632613559153

583 justicarcrawler the Chopper (level 7, 0/55 HPs)
             Began as a Human Fighter on Nov 29, 2022.
             Slain by Menkaure (13 damage)
             ... on level 5 of the Dungeon.
             The game lasted 00:13:26 (3891 turns).

justicarcrawler the Chopper (Human Fighter)         Turns: 3891, Time: 00:13:27

Health: 0/55       AC: 15    Str: 18    XL:     7   Next: 64%
Magic:  7/7        EV:  5    Int:  7    God:
Gold:   207        SH:  4    Dex: 12    Spells: 6/6 levels left

rFire   + . .      SeeInvis .    a - +0 war axe
rCold   . . .      Faith    .    c - +0 buckler
rNeg    . . .      Spirit   .    k - +3 plate armour {rF+}
rPois   .          Reflect  .    (no helmet)
rElec   .          Harm     .    (no cloak)
rCorr   .          Rampage  .    (no gloves)
Will    .....                    (no boots)
Stlth   ..........               (no amulet)
HPRegen 0.29/turn                (no ring)
MPRegen 0.10/turn                (no ring)

@: mighty
A: dopey 1
a: no special abilities


You were on level 5 of the Dungeon.
You visited 1 branch of the dungeon, and saw 5 of its levels.

You collected 207 gold pieces.

Inventory:

Hand Weapons
 a - a +0 war axe (weapon)
Armour
 c - a +0 buckler (worn)
 k - a +3 plate armour of fire resistance (worn)
Jewellery
 f - an amulet of regeneration
 i - a ring of ice
 n - a ring of wizardry
Wands
 b - a wand of roots (5)
 g - a wand of flame (9)
Scrolls
 e - 2 scrolls of identify
 j - 2 scrolls of teleportation
 m - a scroll of acquirement {unknown}
 o - a scroll of vulnerability {unknown}
Potions
 d - a potion of might
 h - a potion of brilliance
 l - a potion of ambrosia
 q - a potion of haste


   Skills:
 - Level 4.8 Fighting
 + Level 5.7 Axes
 + Level 4.8 Armour
 - Level 3.0 Shields


You had 6 spell levels left.
You didn't know any spells.
Your spell library contained the following spells:

 Spells                   Type           Power      Damage    Failure   Level
 Gell's Gravitas          Tloc           0%         N/A       100%        3
 Teleport Other           Tloc           0%         N/A       100%        3
 Dispersal                Tloc           0%         N/A       100%        6


Dungeon Overview and Level Annotations

Branches:
Dungeon (5/15)
 Temple: D:4-7

Altars:
Makhleb
Wu Jian
Yredelemnul

Shops:
D:3 =   D:4 [[[[?

Annotations:
D:5 Menkaure


Innate Abilities, Weirdness & Mutations

You are dopey. (Int -2)


Message History

You hit the adder.
The adder is heavily wounded.
You hear a shout!
You block the adder's attack. x2
Menkaure gestures at you while chanting.
Pain shoots through your body!
You hear a shout!
The adder bites you but does no damage.
You miss the adder.
The adder is heavily wounded.
The adder bites you but does no damage. x2
Menkaure breathes soot at you.
Menkaure casts a spell.
Menkaure seems to speed up.
You hit the adder.
You kill the adder!
The hound stops to sniff the ground.
The hound bites you but does no damage.
Menkaure calls on the powers of darkness!
The hound convulses!
Your body is wracked with pain!
You block the hound's attack.
You miss the hound.
The hound is heavily wounded.
The hound bites you but does no damage. x2
Menkaure hits you but does no damage.
You barely miss the hound.
The hound is heavily wounded.
You hit Menkaure. The hound closely misses you. Menkaure hits you.
The hound bites you but does no damage.
You are too injured to fight recklessly!
You feel very mighty all of a sudden. Menkaure hits you.
* * * LOW HITPOINT WARNING * * *
You block the hound's attack.
You slash Menkaure!
Menkaure is severely damaged.
You barely miss the hound. The hound bites you.
* * * LOW HITPOINT WARNING * * *
Menkaure hits you!
You die...

####+##
.......####
..........###
.h....:...#.#..
...............
#hM.# #@..##
#....##
#.....##
#......##
#......'#
#......####
#####.....##
#...<..#
#...........


You could see Menkaure (fast) and a hound.

Vanquished Creatures
  Sigmund (D:2)
  A phantom (D:4)
  A hound (D:4)
  An orc priest (D:4)
  Jessica (D:3)
  Natasha (thrice) (D:2)
  An iguana (D:4)
  An orc wizard (D:4)
  5 adders
  An ufetubus (D:4)
  2 worms
  A dart slug (D:1)
  4 orcs
  9 endoplasms
  4 giant cockroaches
  5 hobgoblins
  4 jackals (D:4)
  2 quokkas (D:1)
  7 ball pythons
  6 bats
  6 frilled lizards
  9 goblins
  5 kobolds
  7 rats
87 creatures vanquished.

Vanquished Creatures (others)
  5 toadstools (D:1)
5 creatures vanquished.

Grand Total: 92 creatures vanquished

Notes
Turn   | Place    | Note
-------+----------+-------------------------------------------
     0 | D:1      | justicarcrawler the Human Fighter began the quest for the
                  | Orb.
     0 | D:1      | Reached XP level 1. HP: 18/18 MP: 1/1
   294 | D:1      | Reached XP level 2. HP: 24/24 MP: 2/2
   473 | D:1      | Reached XP level 3. HP: 29/29 MP: 3/3
   837 | D:2      | Noticed Sigmund
   845 | D:2      | Killed Sigmund
   846 | D:2      | Reached skill level 4 in Axes
   846 | D:2      | Reached XP level 4. HP: 21/38 MP: 4/4
   846 | D:2      | Reached XP level 5. HP: 24/43 MP: 5/5
  1116 | D:2      | Reached XP level 6. HP: 50/50 MP: 6/6
  1463 | D:2      | Gained mutation: You are strong-willed. (Will+) [potion of
                  | mutation]
  1463 | D:2      | Lost mutation: You are strong-willed. (Will+) [potion of
                  | mutation]
  1463 | D:2      | Gained mutation: You are dopey. (Int -2) [potion of
                  | mutation]
  1470 | D:2      | Noticed Natasha
  1476 | D:2      | Killed Natasha
  1581 | D:2      | Found a basalt altar of Yredelemnul.
  1827 | D:2      | Noticed Natasha
  1833 | D:2      | Killed Natasha
  1927 | D:2      | You fall into a shaft and drop 2 floors!
  1980 | D:4      | Found Sister's Armour Shoppe.
  2110 | D:3      | Found an ornate altar of the Wu Jian Council.
  2781 | D:2      | Noticed Natasha
  2798 | D:2      | Killed Natasha
  2930 | D:3      | Found Umadeek's One-of-a-Kind Rings.
  2951 | D:3      | Noticed Jessica
  2961 | D:3      | Killed Jessica
  2962 | D:3      | Reached skill level 5 in Axes
  2962 | D:3      | Reached XP level 7. HP: 55/55 MP: 7/7
  3275 | D:4      | Found Ahapuz's Armour Emporium.
  3285 | D:4      | Found Demier's Magic Scroll Emporium.
  3349 | D:4      | Found Qiacluir's Antique Armour Shop.
  3671 | D:4      | Found a burning altar of Makhleb.
  3753 | D:4      | Found Seedisel's Armour Emporium.
  3866 | D:5      | Entered Level 5 of the Dungeon
  3876 | D:5      | Noticed Menkaure
  3891 | D:5      | Slain by Menkaure

Illustrated notes

Levels and vault maps discovered:
D:1:      ldierk_walled_garden, layout_basic, hex_intersection
D:2:      layout_basic, basic_altar, uniq_natasha, uniq_sigmund
D:3:      layout_loops_ring, nzn_wu_jian_contemplation,
          nicolae_shop_unique_rings, uniq_jessica
D:4:      layout_rooms, makhleb_heckhound_becter, serial_shops, shop_fountains,
          nicolae_shop_competitors_out_of_business, shop, nicolae_shop_stone,
          shop, minmay_misc_feat_plants
D:5:      layout_gridville, mainiacjoe_overflow_small_starburst,
          nicolae_figureground_sparkle, uniq_menkaure

Skill      XL: |  1  2  3  4  5  6 |
---------------+-------------------+-----
Fighting       | 4 |  4.8
Axes           | 4 5 |  5.7
Armour         | 4 |  4.8
Shields        | |  3.0

Action                   |  1- 3 |  4- 6 |  7- 9 || total
-------------------------+-------+-------+-------++-------
Melee: War axe           |    62 |   134 |    83 ||   279
  Use: Potion            |       |     5 |     5 ||    10
       Scroll            |       |     5 |     2 ||     7
Armor: Scale mail        |    32 |     1 |       ||    33
       Plate armour      |       |    91 |    81 ||   172
Dodge: Dodged            |    24 |    31 |    15 ||    70
Block: Buckler           |    13 |    27 |    18 ||    58

Table legend: (Time is in decaauts)
 A = Elapsed time spent in this place.
 B = Non-inter-level travel time spent in this place.
 C = Inter-level travel time spent in this place.
 D = Time resting spent in this place.
 E = Time spent auto-exploring this place.
 F = Levels seen in this place.
 G = Mean time per level.
                   A        B        C        D        E       F      G
               +--------+--------+--------+--------+--------+-----+--------+
         Total |   4007 |   3804 |    203 |    304 |   2584 |   5 |  801.4 |
       Dungeon |   4007 |   3804 |    203 |    304 |   2584 |   5 |  801.4 |
               +--------+--------+--------+--------+--------+-----+--------+

Top non-repeatable levels by time:
     D:2: 1654 daAuts
     D:1: 843 daAuts
     D:4: 745 daAuts
     D:3: 737 daAuts
     D:5: 26 daAuts
